Flyers vs Senateurs
Created - February 4, 2020 at 19:10
Goals
|
Flyers |
1 |
0 |
1 |
2 |
Senateurs |
1 |
0 |
0 |
1 |
|
Shots
|
Flyers |
16 |
7 |
12 |
35 |
Senateurs |
20 |
7 |
9 |
36 |
|
1st period
1. Senateurs , Daniel Sedin 15 (Evgeni Malkin 30, Sidney Crosby 35) at 10:09
2. Flyers , Marcus Kruger 18 (J.T. Miller 19, Mats Zuccarello 25) at 18:24
Penalties :
Cody Franson (Ott) for Slashing (Minor) at 3:11
2nd period
No Goal
Penalties :
Mats Zuccarello (Phi) for Hooking (Minor) at 0:50, Jeff Carter (Phi) for Slashing (Minor) at 11:01, Matt Smaby (Phi) for Holding (Minor) at 13:27, Colby Armstrong (Ott) for Hooking (Minor) at 19:07
3rd period
3. Flyers , Jeff Carter 15 (Jakub Voracek 17, Drew Miller 22) at 0:08 (PP)
Penalties :
Daniel Sedin (Ott) for Tripping (Minor) at 6:49, Jonathan Ericsson (Phi) for Tripping (Minor) at 12:17
Goalie Stats
Steve Mason (Phi), 35 saves from 36 shots - (0.972), W, 19-10-3, 60:00 minutes
Ondrej Pavelec (Ott), 33 saves from 35 shots - (0.943), L, 21-10-5, 60:00 minutes
Players Stats for Flyers
Player Name G A P +/- PIM S H SB GA TA FO MP PP MP PK MP
------------------------------------------------------------------------------------
Brian Lashoff 0 0 0 0 0 0 1 2 0 1 0/0 15:51 0:00 4:40
Brock Nelson 0 0 0 0 0 3 3 0 0 1 0/1 12:46 0:00 0:02
Chris Mcallister 0 0 0 0 0 1 1 0 0 0 0/0 12:23 0:15 3:40
Drew Miller 0 1 1 0 0 1 2 0 0 0 1/1 16:26 1:55 1:22
J.T. Miller 0 1 1 0 0 1 0 0 1 1 3/3 18:34 2:49 2:52
Jakub Voracek 0 1 1 0 0 2 3 0 1 0 0/0 14:34 2:02 0:00
Jeff Carter 1 0 1 0 2 3 2 0 0 0 6/14 14:44 2:02 0:00
Jeff Woywitka 0 0 0 0 0 2 0 1 0 0 0/0 23:37 3:23 4:40
Jonathan Ericsson 0 0 0 1 2 1 1 1 0 1 0/0 22:35 3:23 0:00
Jordan Nolan 0 0 0 0 0 2 2 0 0 1 3/10 16:33 0:08 3:38
Marcus Kruger 1 0 1 0 0 6 0 0 1 0 9/14 16:26 2:49 0:53
Mats Zuccarello 0 1 1 0 2 2 1 1 1 2 1/1 15:48 2:49 0:00
Matt Smaby 0 0 0 1 2 1 2 0 0 1 0/0 20:53 0:00 2:23
Matthew Lombardi 0 0 0 0 0 1 1 0 0 2 0/3 12:16 0:00 3:25
Nathan Beaulieu 0 0 0 -1 0 3 0 1 0 1 0/0 17:03 1:36 0:53
Oliver Ekman-Larsson 0 0 0 -1 0 1 1 1 2 1 0/0 20:48 1:36 3:16
Ryan Callahan 0 0 0 0 0 4 0 0 0 0 0/0 8:49 0:08 0:00
Tomas Kubalik 0 0 0 0 0 1 0 0 1 0 0/1 11:54 0:00 0:00
Players Stats for Senateurs
Player Name G A P +/- PIM S H SB GA TA FO MP PP MP PK MP
------------------------------------------------------------------------------------
Carlo Colaiacovo 0 0 0 0 0 1 0 0 0 0 0/0 16:14 0:00 1:15
Cody Franson 0 0 0 0 2 2 1 2 2 1 0/0 25:39 4:36 1:53
Colby Armstrong 0 0 0 1 2 3 1 0 0 0 0/1 15:46 3:46 0:00
Daniel Briere 0 0 0 0 0 0 2 0 0 0 1/4 10:53 0:00 1:28
Daniel Sedin 1 0 1 1 2 1 4 0 2 0 2/2 17:24 3:46 0:00
Dion Phaneuf 0 0 0 0 0 0 4 0 4 2 0/0 26:41 4:38 3:08
Duncan Keith 0 0 0 0 0 1 1 1 0 0 0/0 18:20 3:18 1:51
Evgeni Malkin 0 1 1 1 0 5 2 0 1 1 4/8 18:49 3:46 3:01
Jamie Benn 0 0 0 -1 0 6 1 0 0 0 2/2 20:00 3:39 0:30
Mark Giordano 0 0 0 0 0 0 1 0 0 2 0/0 15:21 0:02 0:00
Michel Ouellet 0 0 0 0 0 2 2 0 0 0 0/0 10:17 0:20 0:00
Nate Prosser 0 0 0 0 0 3 0 1 0 0 0/0 18:20 3:18 1:51
Phil Kessel 0 0 0 -1 0 7 4 0 1 0 2/3 19:45 3:39 1:28
Radim Vrbata 0 0 0 0 0 0 1 0 0 1 0/0 11:39 0:00 0:30
Ryan Hollweg 0 0 0 0 0 1 1 0 0 0 0/0 9:05 0:31 0:00
Sergei Kostitsyn 0 0 0 0 0 1 0 1 0 0 0/0 12:11 0:42 0:00
Sidney Crosby 0 1 1 -1 0 3 2 0 1 0 13/24 21:18 3:39 3:01
Stephane Da Costa 0 0 0 0 0 0 1 0 1 0 1/4 7:16 0:00 0:00
3 Stars
1 - Steve Mason (Phi)
2 - Ondrej Pavelec (Ott)
3 - Daniel Sedin (Ott)
Power Play
Flyers - 1 on 3 Attempt(s) - 33.33%
Senateurs - 0 on 4 Attempt(s) - 0.00%
Penalty Kill
Flyers - 4 on 4 Attempt(s) - 100.00%
- Score 0 goal in Penalty Kill
Senateurs - 2 on 3 Attempt(s) - 66.67%
- Score 0 goal in Penalty Kill
Team Stat
Flyers - Hits : 20 - Faceoff Wins : 23 - Blocked Shots : 7 - Penalty Minutes : 8
Senateurs - Hits : 28 - Faceoff Wins : 25 - Blocked Shots : 5 - Penalty Minutes : 6
Official
Referees : Unknown
Linesman : Unknown
Game Notes
18:24 of 1st period - Flyers goal is going for a video replay. After video review, Goal.
Finance
Level 1 -- Attendance: 5974 (99.57%) -- Ticket Income $615,322
Level 2 -- Attendance: 4210 (84.20%) -- Ticket Income $286,280
Level 3 -- Attendance: 1774 (88.70%) -- Ticket Income $76,282
Level 4 -- Attendance: 4000 (100.00%) -- Ticket Income $112,000
Luxury Box -- Attendance: 952 (95.20%) -- Ticket Income $171,360
Game was played at the Place Banque Scotia.
Total Attendance: 16910 (93.94%)
Total Ticket Income: $1,261,244
Other Income: $189,187
Total Income: $1,450,431
Flyers
5 vs 5 Forward
Center Left Wing Right Wing Time % Phy DF OF
1 Jeff Carter Drew Miller Jakub Voracek 30 0 1 4
2 Marcus Kruger J.T. Miller Mats Zuccarello 30 0 1 4
3 Jordan Nolan Brock Nelson Tomas Kubalik 30 0 2 3
4 Matthew Lombardi Chris Mcallister Ryan Callahan 10 1 3 1
5 vs 5 Defense
Defense Defense Time % Phy DF OF
1 Matt Smaby Jonathan Ericsson 40 1 2 2
2 Nathan Beaulieu Oliver Ekman-Larsson 30 1 2 2
3 Brian Lashoff Jeff Woywitka 20 1 2 2
4 Oliver Ekman-Larsson Jeff Woywitka 10 1 2 2
PowerPlay Forward
Center Left Wing Right Wing Time % Phy DF OF
1 Jeff Carter Drew Miller Jakub Voracek 60 0 0 5
2 Marcus Kruger J.T. Miller Mats Zuccarello 40 0 0 5
PowerPlay Defense
Defense Defense Time % Phy DF OF
1 Jonathan Ericsson Jeff Woywitka 60 0 2 3
2 Oliver Ekman-Larsson Nathan Beaulieu 40 0 2 3
Penalty Kill 4 Players Forward
Center Wing Time % Phy DF OF
1 Matthew Lombardi Chris Mcallister 60 0 4 1
2 Jordan Nolan Drew Miller 40 0 4 1
Penalty Kill 4 Players Defense
Defense Defense Time % Phy DF OF
1 Brian Lashoff Jeff Woywitka 60 1 4 0
2 Matt Smaby Oliver Ekman-Larsson 40 1 4 0
Penalty Kill - 3 Players Forward
Forward Time % Phy DF OF
1 Matthew Lombardi 60 0 4 1
2 Jordan Nolan 40 0 4 1
Penalty Kill - 3 Players Defense
Defense Defense Time % Phy DF OF
1 Brian Lashoff Jeff Woywitka 60 1 4 0
2 Matt Smaby Oliver Ekman-Larsson 40 1 4 0
4 vs 4 Forward
Center Wing Time % Phy DF OF
1 Jeff Carter J.T. Miller 60 0 2 3
2 Marcus Kruger Drew Miller 40 0 2 3
4 vs 4 Defense
Defense Defense Time % Phy DF OF
1 Jonathan Ericsson Matt Smaby 60 0 3 2
2 Nathan Beaulieu Oliver Ekman-Larsson 40 0 3 2
Last Minutes Offensive
Center Left Wing Right Wing Defense Defense
Jeff Carter Drew Miller Jakub Voracek Oliver Ekman-Larsson Jeff Woywitka
Last Minutes Defensive
Center Left Wing Right Wing Defense Defense
Matthew Lombardi Chris Mcallister Ryan Callahan Oliver Ekman-Larsson Jeff Woywitka
Goaltenders
Starting : Steve Mason
Backup : Cam Ward
Extra Forwards
Normal : Jeff Carter, Chris Mcallister, Drew Miller - PP : Jeff Carter, Drew Miller - PK : Chris Mcallister
Extra Defensemen
Normal : Brian Lashoff, Nathan Beaulieu, Matt Smaby - PP : Brian Lashoff - PK : Nathan Beaulieu, Matt Smaby
Penalty Shots
Jeff Carter, Jordan Nolan, J.T. Miller, Jakub Voracek, Ryan Callahan
Scratches
None
Senateurs
5 vs 5 Forward
Center Left Wing Right Wing Time % Phy DF OF
1 Sidney Crosby Jamie Benn Phil Kessel 40 1 2 2
2 Evgeni Malkin Daniel Sedin Colby Armstrong 30 1 2 2
3 Daniel Briere Sergei Kostitsyn Radim Vrbata 20 1 2 2
4 Stephane Da Costa Ryan Hollweg Michel Ouellet 10 1 2 2
5 vs 5 Defense
Defense Defense Time % Phy DF OF
1 Dion Phaneuf Cody Franson 40 1 2 2
2 Duncan Keith Nate Prosser 30 1 2 2
3 Mark Giordano Carlo Colaiacovo 20 1 2 2
4 Dion Phaneuf Cody Franson 10 1 2 2
PowerPlay Forward
Center Left Wing Right Wing Time % Phy DF OF
1 Sidney Crosby Jamie Benn Phil Kessel 60 1 2 2
2 Evgeni Malkin Daniel Sedin Colby Armstrong 40 1 2 2
PowerPlay Defense
Defense Defense Time % Phy DF OF
1 Dion Phaneuf Cody Franson 60 1 2 2
2 Duncan Keith Nate Prosser 40 1 2 2
Penalty Kill 4 Players Forward
Center Wing Time % Phy DF OF
1 Sidney Crosby Evgeni Malkin 60 1 2 2
2 Phil Kessel Daniel Briere 40 1 2 2
Penalty Kill 4 Players Defense
Defense Defense Time % Phy DF OF
1 Dion Phaneuf Cody Franson 60 1 2 2
2 Duncan Keith Nate Prosser 40 1 2 2
Penalty Kill - 3 Players Forward
Forward Time % Phy DF OF
1 Sidney Crosby 60 1 2 2
2 Evgeni Malkin 40 1 2 2
Penalty Kill - 3 Players Defense
Defense Defense Time % Phy DF OF
1 Dion Phaneuf Cody Franson 60 1 2 2
2 Duncan Keith Nate Prosser 40 1 2 2
4 vs 4 Forward
Center Wing Time % Phy DF OF
1 Sidney Crosby Evgeni Malkin 60 1 2 2
2 Phil Kessel Daniel Briere 40 1 2 2
4 vs 4 Defense
Defense Defense Time % Phy DF OF
1 Dion Phaneuf Cody Franson 60 1 2 2
2 Duncan Keith Nate Prosser 40 1 2 2
Last Minutes Offensive
Center Left Wing Right Wing Defense Defense
Sidney Crosby Jamie Benn Phil Kessel Dion Phaneuf Cody Franson
Last Minutes Defensive
Center Left Wing Right Wing Defense Defense
Sidney Crosby Jamie Benn Phil Kessel Dion Phaneuf Cody Franson
Goaltenders
Starting : Ondrej Pavelec
Backup : Roberto Luongo
Extra Forwards
Normal : Sergei Kostitsyn, Ryan Hollweg, Radim Vrbata - PP : Sergei Kostitsyn, Ryan Hollweg - PK : Radim Vrbata
Extra Defensemen
Normal : Mark Giordano, Carlo Colaiacovo, Duncan Keith - PP : Mark Giordano - PK : Carlo Colaiacovo, Duncan Keith
Penalty Shots
Sidney Crosby, Evgeni Malkin, Phil Kessel, Daniel Briere, Jamie Benn
Scratches
Chris Kunitz (Healthy), Arturs Kulda (Healthy)
% Time on Ice - Flyers
Lines # - Real PCT - Wanted PCT - Time Play
Normal Forward
1 - 28% - 30% - 12:53
2 - 31% - 30% - 14:07
3 - 26% - 30% - 11:54
4 - 15% - 10% - 6:56
Normal Defense
1 - 41% - 40% - 18:58
2 - 30% - 30% - 13:41
3 - 24% - 20% - 10:56
4 - 5% - 10% - 2:15
PP Forward
1 - 43% - 60% - 2:10
2 - 57% - 40% - 2:49
PP Defense
1 - 68% - 60% - 3:23
2 - 32% - 40% - 1:36
PK Forward
1 - 83% - 60% - 6:34
2 - 17% - 40% - 1:22
PK Defense
1 - 59% - 60% - 4:40
2 - 41% - 40% - 3:16
PK3 Forward
1 - 0% - 60%
2 - 0% - 40%
PK3 Defense
1 - 0% - 60%
2 - 0% - 40%
44 Forward
1 - 0% - 60%
2 - 0% - 40%
44 Defense
1 - 0% - 60%
2 - 0% - 40%
Last Minute Offensive - 0:00
Last Minute Defensive - 1:15
Total
Forward - 60:00
Defense - 60:00
|
% Time on Ice - Senateurs
Lines # - Real PCT - Wanted PCT - Time Play
Normal Forward
1 - 33% - 40% - 15:34
2 - 32% - 30% - 15:03
3 - 20% - 20% - 9:12
4 - 15% - 10% - 7:16
Normal Defense
1 - 37% - 40% - 17:32
2 - 28% - 30% - 13:11
3 - 32% - 20% - 14:59
4 - 3% - 10% - 1:23
PP Forward
1 - 52% - 60% - 4:07
2 - 48% - 40% - 3:49
PP Defense
1 - 58% - 60% - 4:38
2 - 42% - 40% - 3:18
PK Forward
1 - 71% - 60% - 3:31
2 - 29% - 40% - 1:28
PK Defense
1 - 63% - 60% - 3:08
2 - 37% - 40% - 1:51
PK3 Forward
1 - 0% - 60%
2 - 0% - 40%
PK3 Defense
1 - 0% - 60%
2 - 0% - 40%
44 Forward
1 - 0% - 60%
2 - 0% - 40%
44 Defense
1 - 0% - 60%
2 - 0% - 40%
Last Minute Offensive - 0:00
Last Minute Defensive - 0:00
Total
Forward - 60:00
Defense - 60:00
|
Play-by-Play
1st period
0:01 of 1st period - Jeff Carter wins face-off versus Phil Kessel in neutral zone.
0:53 of 1st period - Wrist shot by Tomas Kubalik.
0:53 of 1st period - Shot Misses the Net.
3:00 of 1st period - Slapshot by Marcus Kruger.
3:00 of 1st period - Stopped by Ondrej Pavelec without a rebound.
3:01 of 1st period - Sidney Crosby wins face-off versus Brock Nelson in Senateurs zone.
3:11 of 1st period - Minor Penalty to Cody Franson for Slashing.
3:12 of 1st period - Jeff Carter wins face-off versus Sidney Crosby in Senateurs zone.
3:12 of 1st period - Wrist shot by Drew Miller.
3:12 of 1st period - Shot Misses the Net.
5:11 of 1st period - Penalty to Cody Franson is over, Cody Franson is back on ice.
5:12 of 1st period - Slapshot by Marcus Kruger.
5:12 of 1st period - Shot Misses the Net.
5:30 of 1st period - Slapshot by Mats Zuccarello.
5:30 of 1st period - Stopped by Ondrej Pavelec with a rebound.
5:40 of 1st period - Wrist shot by Marcus Kruger.
5:40 of 1st period - Stopped by Ondrej Pavelec with a rebound.
5:42 of 1st period - Slapshot by Mats Zuccarello.
5:42 of 1st period - Stopped by Ondrej Pavelec with a rebound.
5:44 of 1st period - Snap shot by Jonathan Ericsson.
5:44 of 1st period - Shot Misses the Net.
5:46 of 1st period - Snap shot by J.T. Miller.
5:46 of 1st period - Stopped by Ondrej Pavelec without a rebound.
5:47 of 1st period - Daniel Sedin wins face-off versus Jordan Nolan in Senateurs zone.
5:47 of 1st period - Daniel Sedin is hit by Brock Nelson.
5:52 of 1st period - Off-side.
5:53 of 1st period - Evgeni Malkin wins face-off versus Tomas Kubalik in neutral zone.
6:02 of 1st period - Snap shot by Colby Armstrong.
6:02 of 1st period - Stopped by Steve Mason without a rebound.
6:03 of 1st period - Evgeni Malkin wins face-off versus Jeff Carter in Flyers zone.
6:12 of 1st period - Wrist shot by Daniel Sedin.
6:12 of 1st period - Shot Misses the Net.
6:14 of 1st period - Snap shot by Colby Armstrong.
6:14 of 1st period - Stopped by Steve Mason without a rebound.
6:15 of 1st period - Jeff Carter wins face-off versus Sidney Crosby in Flyers zone.
6:42 of 1st period - Tomas Kubalik is hit by Daniel Sedin and loses puck.
7:14 of 1st period - Slapshot by Ryan Callahan.
7:14 of 1st period - Stopped by Ondrej Pavelec without a rebound.
7:15 of 1st period - Sidney Crosby wins face-off versus Jeff Carter in Senateurs zone.
7:28 of 1st period - Dion Phaneuf is hit by Jonathan Ericsson and loses puck.
8:34 of 1st period - Slapshot by Michel Ouellet.
8:34 of 1st period - Shot Misses the Net.
8:54 of 1st period - Snap shot by Jeff Carter.
8:54 of 1st period - Stopped by Ondrej Pavelec without a rebound.
8:55 of 1st period - Evgeni Malkin wins face-off versus Jordan Nolan in Senateurs zone.
9:27 of 1st period - Snap shot by Phil Kessel.
9:27 of 1st period - Stopped by Steve Mason without a rebound.
9:28 of 1st period - Sidney Crosby wins face-off versus Jeff Carter in Flyers zone.
9:32 of 1st period - Icing by Jakub Voracek.
9:33 of 1st period - Phil Kessel wins face-off versus Jeff Carter in Flyers zone.
10:09 of 1st period - Wrist shot by Daniel Sedin.
10:09 of 1st period - Goal by Daniel Sedin - Flyers : 0 - Senateurs : 1.
10:10 of 1st period - Daniel Briere wins face-off versus Jordan Nolan in neutral zone.
10:19 of 1st period - Wrist shot by Jordan Nolan.
10:19 of 1st period - Stopped by Ondrej Pavelec with a rebound.
10:21 of 1st period - Slapshot by Jonathan Ericsson.
10:21 of 1st period - Deflect By Brock Nelson.
10:21 of 1st period - Deflect By Dion Phaneuf.
10:21 of 1st period - Stopped by Ondrej Pavelec without a rebound.
10:22 of 1st period - Sidney Crosby wins face-off versus Jordan Nolan in Senateurs zone.
10:38 of 1st period - Cody Franson is hit by Jordan Nolan.
11:11 of 1st period - Snap shot by Cody Franson.
11:11 of 1st period - Stopped by Steve Mason without a rebound.
11:12 of 1st period - Jeff Carter wins face-off versus Sidney Crosby in Flyers zone.
11:12 of 1st period - Jeff Carter is hit by Sidney Crosby.
11:26 of 1st period - Wrist shot by Sidney Crosby.
11:26 of 1st period - Shot Misses the Net.
11:52 of 1st period - Wrist shot by Sidney Crosby.
11:52 of 1st period - Stopped by Steve Mason with a rebound.
11:54 of 1st period - Slapshot by Sidney Crosby.
11:54 of 1st period - Shot Blocked by Brian Lashoff.
11:56 of 1st period - Snap shot by Phil Kessel.
11:56 of 1st period - Stopped by Steve Mason with a rebound.
11:58 of 1st period - Snap shot by Jamie Benn.
11:58 of 1st period - Shot Misses the Net.
12:00 of 1st period - Snap shot by Jamie Benn.
12:00 of 1st period - Stopped by Steve Mason with a rebound.
12:02 of 1st period - Slapshot by Carlo Colaiacovo.
12:02 of 1st period - Shot Misses the Net.
12:04 of 1st period - Snap shot by Jamie Benn.
12:04 of 1st period - Stopped by Steve Mason with a rebound.
12:06 of 1st period - Slapshot by Carlo Colaiacovo.
12:06 of 1st period - Stopped by Steve Mason with a rebound.
12:20 of 1st period - Snap shot by Phil Kessel.
12:20 of 1st period - Stopped by Steve Mason with a rebound.
12:22 of 1st period - Snap shot by Sidney Crosby.
12:22 of 1st period - Deflect By Phil Kessel.
12:22 of 1st period - Stopped by Steve Mason with a rebound.
12:48 of 1st period - Slapshot by Jamie Benn.
12:48 of 1st period - Stopped by Steve Mason with a rebound.
12:50 of 1st period - Slapshot by Phil Kessel.
12:50 of 1st period - Shot Misses the Net.
12:52 of 1st period - Wrist shot by Phil Kessel.
12:52 of 1st period - Stopped by Steve Mason without a rebound.
12:53 of 1st period - Marcus Kruger wins face-off versus Colby Armstrong in Flyers zone.
13:20 of 1st period - Cody Franson is hit by Chris Mcallister.
14:02 of 1st period - Wrist shot by Colby Armstrong.
14:02 of 1st period - Stopped by Steve Mason with a rebound.
14:04 of 1st period - Snap shot by Evgeni Malkin.
14:04 of 1st period - Stopped by Steve Mason with a rebound.
14:06 of 1st period - Snap shot by Evgeni Malkin.
14:06 of 1st period - Shot Misses the Net.
14:08 of 1st period - Snap shot by Evgeni Malkin.
14:08 of 1st period - Stopped by Steve Mason with a rebound.
14:16 of 1st period - Snap shot by Evgeni Malkin.
14:16 of 1st period - Stopped by Steve Mason with a rebound.
14:24 of 1st period - Wrist shot by Jakub Voracek.
14:24 of 1st period - Stopped by Ondrej Pavelec without a rebound.
14:25 of 1st period - Mats Zuccarello wins face-off versus Daniel Briere in Senateurs zone.
14:39 of 1st period - Icing by Marcus Kruger.
14:40 of 1st period - J.T. Miller wins face-off versus Stephane Da Costa in Flyers zone.
14:55 of 1st period - Wrist shot by Mats Zuccarello.
14:55 of 1st period - Shot Misses the Net.
14:57 of 1st period - Slapshot by J.T. Miller.
14:57 of 1st period - Shot Misses the Net.
15:15 of 1st period - Snap shot by Brock Nelson.
15:15 of 1st period - Stopped by Ondrej Pavelec without a rebound.
15:16 of 1st period - Jordan Nolan wins face-off versus Daniel Briere in Senateurs zone.
16:40 of 1st period - Slapshot by Brock Nelson.
16:40 of 1st period - Stopped by Ondrej Pavelec with a rebound.
16:52 of 1st period - Tomas Kubalik is hit by Daniel Briere and loses puck.
16:58 of 1st period - Off-side.
16:59 of 1st period - Jeff Carter wins face-off versus Sidney Crosby in neutral zone.
17:12 of 1st period - Snap shot by Jeff Carter.
17:12 of 1st period - Stopped by Ondrej Pavelec without a rebound.
17:13 of 1st period - Sidney Crosby wins face-off versus Marcus Kruger in Senateurs zone.
17:23 of 1st period - Snap shot by Sidney Crosby.
17:23 of 1st period - Shot Blocked by Oliver Ekman-Larsson.
17:25 of 1st period - Slapshot by Jamie Benn.
17:25 of 1st period - Shot Misses the Net.
18:06 of 1st period - Wrist shot by Chris Mcallister.
18:06 of 1st period - Shot Misses the Net.
18:08 of 1st period - Slapshot by Jeff Woywitka.
18:08 of 1st period - Stopped by Ondrej Pavelec with a rebound.
18:10 of 1st period - Snap shot by Ryan Callahan.
18:10 of 1st period - Stopped by Ondrej Pavelec without a rebound.
18:11 of 1st period - Jamie Benn wins face-off versus Marcus Kruger in Senateurs zone.
18:22 of 1st period - Snap shot by J.T. Miller.
18:22 of 1st period - Shot Misses the Net.
18:24 of 1st period - Snap shot by Marcus Kruger.
18:24 of 1st period - Flyers goal is going for a video replay.
18:24 of 1st period - The goal is good.
18:24 of 1st period - Goal by Marcus Kruger - Flyers : 1 - Senateurs : 1.
18:25 of 1st period - Jamie Benn wins face-off versus Jeff Carter in neutral zone.
18:42 of 1st period - Snap shot by Sidney Crosby.
18:42 of 1st period - Deflect By Jakub Voracek.
18:42 of 1st period - Stopped by Steve Mason without a rebound.
18:43 of 1st period - J.T. Miller wins face-off versus Evgeni Malkin in Flyers zone.
18:52 of 1st period - Slapshot by Cody Franson.
18:52 of 1st period - Stopped by Steve Mason with a rebound.
19:06 of 1st period - Jeff Carter is hit by Phil Kessel and loses puck.
Goals for this period are 1 for Flyers vs 1 for Senateurs.
Shots for this period are 16 for Flyers vs 20 for Senateurs.
2nd period
0:01 of 2nd period - Marcus Kruger wins face-off versus Sidney Crosby in neutral zone.
0:23 of 2nd period - Icing by Jonathan Ericsson.
0:24 of 2nd period - Marcus Kruger wins face-off versus Evgeni Malkin in Flyers zone.
0:29 of 2nd period - Evgeni Malkin is hit by Matt Smaby and loses puck.
0:35 of 2nd period - Icing by Nate Prosser.
0:36 of 2nd period - Evgeni Malkin wins face-off versus Marcus Kruger in Senateurs zone.
0:50 of 2nd period - Minor Penalty to Mats Zuccarello for Hooking.
0:51 of 2nd period - Sidney Crosby wins face-off versus Matthew Lombardi in Flyers zone.
1:51 of 2nd period - Jordan Nolan is hit by Phil Kessel and loses puck.
2:50 of 2nd period - Penalty to Mats Zuccarello is over, Mats Zuccarello is back on ice.
3:02 of 2nd period - Slapshot by Ryan Hollweg.
3:02 of 2nd period - Stopped by Steve Mason without a rebound.
3:03 of 2nd period - Jeff Carter wins face-off versus Stephane Da Costa in Flyers zone.
3:57 of 2nd period - Snap shot by Tomas Kubalik.
3:57 of 2nd period - Shot Blocked by Duncan Keith.
4:11 of 2nd period - Drew Miller is hit by Daniel Sedin and loses puck.
4:34 of 2nd period - Chris Mcallister is hit by Stephane Da Costa and loses puck.
5:15 of 2nd period - Wrist shot by Jamie Benn.
5:15 of 2nd period - Stopped by Steve Mason with a rebound.
5:17 of 2nd period - Snap shot by Sidney Crosby.
5:17 of 2nd period - Shot Misses the Net.
5:19 of 2nd period - Snap shot by Phil Kessel.
5:19 of 2nd period - Shot Misses the Net.
5:34 of 2nd period - Evgeni Malkin is hit by Brian Lashoff and loses puck.
5:53 of 2nd period - Ryan Callahan is hit by Ryan Hollweg and loses puck.
5:58 of 2nd period - Slapshot by Michel Ouellet.
5:58 of 2nd period - Stopped by Steve Mason with a rebound.
6:00 of 2nd period - Backhand shot by Nate Prosser.
6:00 of 2nd period - Stopped by Steve Mason without a rebound.
6:01 of 2nd period - Sidney Crosby wins face-off versus Jordan Nolan in Flyers zone.
6:04 of 2nd period - Wrist shot by Jamie Benn.
6:04 of 2nd period - Shot Blocked by Nathan Beaulieu.
7:15 of 2nd period - Snap shot by Matthew Lombardi.
7:15 of 2nd period - Stopped by Ondrej Pavelec without a rebound.
7:16 of 2nd period - Marcus Kruger wins face-off versus Sidney Crosby in Senateurs zone.
7:23 of 2nd period - Snap shot by Sidney Crosby.
7:23 of 2nd period - Shot Blocked by Mats Zuccarello.
7:43 of 2nd period - Jonathan Ericsson is hit by Evgeni Malkin and loses puck.
8:24 of 2nd period - Nathan Beaulieu is hit by Mark Giordano and loses puck.
8:56 of 2nd period - Snap shot by Sidney Crosby.
8:56 of 2nd period - Shot Misses the Net.
9:31 of 2nd period - J.T. Miller is hit by Cody Franson and loses puck.
9:42 of 2nd period - Slapshot by Jonathan Ericsson.
9:42 of 2nd period - Shot Misses the Net.
9:44 of 2nd period - Slapshot by Matt Smaby.
9:44 of 2nd period - Deflect By Tomas Kubalik.
9:44 of 2nd period - Stopped by Ondrej Pavelec with a rebound.
9:46 of 2nd period - Snap shot by Jordan Nolan.
9:46 of 2nd period - Stopped by Ondrej Pavelec without a rebound.
9:47 of 2nd period - Jordan Nolan wins face-off versus Sidney Crosby in Senateurs zone.
9:56 of 2nd period - Slapshot by Tomas Kubalik.
9:56 of 2nd period - Shot Misses the Net.
10:23 of 2nd period - Backhand shot by Evgeni Malkin.
10:23 of 2nd period - Stopped by Steve Mason with a rebound.
10:33 of 2nd period - Wrist shot by Sergei Kostitsyn.
10:33 of 2nd period - Deflect By Brian Lashoff.
10:33 of 2nd period - Shot Blocked by Jeff Woywitka.
10:33 of 2nd period - Puck is out of play.
10:34 of 2nd period - J.T. Miller wins face-off versus Daniel Briere in Flyers zone.
10:38 of 2nd period - Off-side.
10:39 of 2nd period - Sidney Crosby wins face-off versus Jeff Carter in neutral zone.
10:41 of 2nd period - Cody Franson is hit by Jeff Carter.
11:01 of 2nd period - Minor Penalty to Jeff Carter for Slashing.
11:02 of 2nd period - Sidney Crosby wins face-off versus Matthew Lombardi in Flyers zone.
11:29 of 2nd period - Brian Lashoff is hit by Dion Phaneuf.
12:19 of 2nd period - Matt Smaby is hit by Colby Armstrong and loses puck.
13:01 of 2nd period - Penalty to Jeff Carter is over, Jeff Carter is back on ice.
13:21 of 2nd period - Snap shot by Daniel Briere.
13:21 of 2nd period - Deflect By Sergei Kostitsyn.
13:21 of 2nd period - Stopped by Steve Mason with a rebound.
13:27 of 2nd period - Minor Penalty to Matt Smaby for Holding.
13:28 of 2nd period - Daniel Sedin wins face-off versus Matthew Lombardi in Flyers zone.
15:27 of 2nd period - Penalty to Matt Smaby is over, Matt Smaby is back on ice.
15:29 of 2nd period - Oliver Ekman-Larsson is hit by Michel Ouellet and loses puck.
16:16 of 2nd period - Slapshot by Nathan Beaulieu.
16:16 of 2nd period - Stopped by Ondrej Pavelec with a rebound.
16:36 of 2nd period - Jamie Benn is hit by Brock Nelson and loses puck.
17:51 of 2nd period - Jamie Benn is hit by Jordan Nolan and loses puck.
18:19 of 2nd period - Snap shot by Marcus Kruger.
18:19 of 2nd period - Stopped by Ondrej Pavelec without a rebound.
18:20 of 2nd period - Marcus Kruger wins face-off versus Stephane Da Costa in Senateurs zone.
18:54 of 2nd period - Snap shot by Phil Kessel.
18:54 of 2nd period - Stopped by Steve Mason with a rebound.
19:07 of 2nd period - Minor Penalty to Colby Armstrong for Hooking.
19:08 of 2nd period - Sidney Crosby wins face-off versus Jeff Carter in Senateurs zone.
19:26 of 2nd period - Sidney Crosby is hit by Drew Miller and loses puck.
19:41 of 2nd period - Snap shot by Marcus Kruger.
19:41 of 2nd period - Stopped by Ondrej Pavelec without a rebound.
19:42 of 2nd period - Sidney Crosby wins face-off versus Marcus Kruger in Senateurs zone.
19:51 of 2nd period - Wrist shot by Jeff Woywitka.
19:51 of 2nd period - Stopped by Ondrej Pavelec with a rebound.
Goals for this period are 0 for Flyers vs 0 for Senateurs.
Shots for this period are 7 for Flyers vs 7 for Senateurs.
3rd period
0:01 of 3rd period - Drew Miller wins face-off versus Sidney Crosby in neutral zone.
0:06 of 3rd period - Snap shot by Jakub Voracek.
0:06 of 3rd period - Stopped by Ondrej Pavelec with a rebound.
0:08 of 3rd period - Snap shot by Jeff Carter.
0:08 of 3rd period - Goal by Jeff Carter - Flyers : 2 - Senateurs : 1.
0:09 of 3rd period - Marcus Kruger wins face-off versus Sidney Crosby in neutral zone.
0:12 of 3rd period - Wrist shot by Mats Zuccarello.
0:12 of 3rd period - Deflect By J.T. Miller.
0:12 of 3rd period - Shot Misses the Net.
0:12 of 3rd period - Puck is out of play.
0:13 of 3rd period - Marcus Kruger wins face-off versus Sidney Crosby in Senateurs zone.
0:20 of 3rd period - Snap shot by Phil Kessel.
0:20 of 3rd period - Stopped by Steve Mason with a rebound.
0:25 of 3rd period - Off-side.
0:26 of 3rd period - Sidney Crosby wins face-off versus Jordan Nolan in neutral zone.
0:37 of 3rd period - Snap shot by Sidney Crosby.
0:37 of 3rd period - Stopped by Steve Mason with a rebound.
0:58 of 3rd period - Mats Zuccarello is hit by Evgeni Malkin and loses puck.
1:03 of 3rd period - Slapshot by Colby Armstrong.
1:03 of 3rd period - Shot Misses the Net.
1:15 of 3rd period - Stephane Da Costa is hit by Jakub Voracek and loses puck.
1:28 of 3rd period - Snap shot by Drew Miller.
1:28 of 3rd period - Stopped by Ondrej Pavelec with a rebound.
1:40 of 3rd period - Nathan Beaulieu is hit by Daniel Briere and loses puck.
2:45 of 3rd period - Evgeni Malkin is hit by Drew Miller.
2:49 of 3rd period - Daniel Sedin is hit by Jakub Voracek and loses puck.
3:10 of 3rd period - Carlo Colaiacovo is hit by Matthew Lombardi and loses puck.
3:28 of 3rd period - Tomas Kubalik is hit by Jamie Benn and loses puck.
4:11 of 3rd period - Ryan Hollweg is hit by Mats Zuccarello and loses puck.
4:48 of 3rd period - Wrist shot by Michel Ouellet.
4:48 of 3rd period - Stopped by Steve Mason with a rebound.
5:00 of 3rd period - Wrist shot by Stephane Da Costa.
5:00 of 3rd period - Shot Misses the Net.
5:08 of 3rd period - Slapshot by Jakub Voracek.
5:08 of 3rd period - Deflect By Mark Giordano.
5:08 of 3rd period - Shot Misses the Net.
5:08 of 3rd period - Puck is out of play.
5:09 of 3rd period - Marcus Kruger wins face-off versus Sidney Crosby in Senateurs zone.
5:16 of 3rd period - Snap shot by Mats Zuccarello.
5:16 of 3rd period - Shot Misses the Net.
5:18 of 3rd period - Slapshot by Matt Smaby.
5:18 of 3rd period - Stopped by Ondrej Pavelec with a rebound.
5:20 of 3rd period - Slapshot by Jonathan Ericsson.
5:20 of 3rd period - Stopped by Ondrej Pavelec without a rebound.
5:21 of 3rd period - Phil Kessel wins face-off versus Marcus Kruger in Senateurs zone.
5:32 of 3rd period - Snap shot by Marcus Kruger.
5:32 of 3rd period - Shot Blocked by Cody Franson.
5:34 of 3rd period - Wrist shot by Matt Smaby.
5:34 of 3rd period - Shot Misses the Net.
5:36 of 3rd period - Slapshot by Jonathan Ericsson.
5:36 of 3rd period - Shot Blocked by Cody Franson.
5:38 of 3rd period - Wrist shot by Marcus Kruger.
5:38 of 3rd period - Stopped by Ondrej Pavelec with a rebound.
5:48 of 3rd period - Jonathan Ericsson is hit by Daniel Sedin and loses puck.
6:15 of 3rd period - Wrist shot by Jakub Voracek.
6:15 of 3rd period - Shot Blocked by Nate Prosser.
6:49 of 3rd period - Minor Penalty to Daniel Sedin for Tripping.
6:50 of 3rd period - Sidney Crosby wins face-off versus Jeff Carter in Senateurs zone.
7:13 of 3rd period - Evgeni Malkin is hit by Jakub Voracek and loses puck.
7:28 of 3rd period - Slapshot by Oliver Ekman-Larsson.
7:28 of 3rd period - Stopped by Ondrej Pavelec with a rebound.
8:08 of 3rd period - Duncan Keith is hit by Oliver Ekman-Larsson and loses puck.
8:43 of 3rd period - Jakub Voracek is hit by Dion Phaneuf and loses puck.
8:48 of 3rd period - Snap shot by Jamie Benn.
8:48 of 3rd period - Stopped by Steve Mason with a rebound.
8:49 of 3rd period - Penalty to Daniel Sedin is over, Daniel Sedin is back on ice.
8:50 of 3rd period - Slapshot by Nate Prosser.
8:50 of 3rd period - Shot Blocked by Jonathan Ericsson.
8:52 of 3rd period - Slapshot by Nate Prosser.
8:52 of 3rd period - Stopped by Steve Mason with a rebound.
8:54 of 3rd period - Slapshot by Nate Prosser.
8:54 of 3rd period - Stopped by Steve Mason with a rebound.
8:56 of 3rd period - Slapshot by Duncan Keith.
8:56 of 3rd period - Stopped by Steve Mason with a rebound.
9:08 of 3rd period - Slapshot by Jamie Benn.
9:08 of 3rd period - Stopped by Steve Mason without a rebound.
9:09 of 3rd period - Stephane Da Costa wins face-off versus Jordan Nolan in Flyers zone.
9:14 of 3rd period - Snap shot by Michel Ouellet.
9:14 of 3rd period - Shot Blocked by Brian Lashoff.
9:37 of 3rd period - Brian Lashoff is hit by Dion Phaneuf and loses puck.
9:56 of 3rd period - Chris Mcallister is hit by Phil Kessel and loses puck.
10:01 of 3rd period - Snap shot by Sidney Crosby.
10:01 of 3rd period - Shot Misses the Net.
10:07 of 3rd period - Ryan Callahan is hit by Sidney Crosby and loses puck.
10:23 of 3rd period - Wrist shot by Chris Mcallister.
10:23 of 3rd period - Stopped by Ondrej Pavelec with a rebound.
10:25 of 3rd period - Slapshot by Nathan Beaulieu.
10:25 of 3rd period - Shot Misses the Net.
11:19 of 3rd period - Snap shot by Ryan Callahan.
11:19 of 3rd period - Stopped by Ondrej Pavelec with a rebound.
11:21 of 3rd period - Snap shot by Ryan Callahan.
11:21 of 3rd period - Stopped by Ondrej Pavelec with a rebound.
11:27 of 3rd period - Slapshot by Cody Franson.
11:27 of 3rd period - Deflect By Jamie Benn.
11:27 of 3rd period - Shot Misses the Net.
11:27 of 3rd period - Puck is out of play.
11:28 of 3rd period - Marcus Kruger wins face-off versus Evgeni Malkin in Flyers zone.
11:42 of 3rd period - Snap shot by Evgeni Malkin.
11:42 of 3rd period - Stopped by Steve Mason with a rebound.
12:08 of 3rd period - Nate Prosser is hit by Brock Nelson and loses puck.
12:17 of 3rd period - Minor Penalty to Jonathan Ericsson for Tripping.
12:18 of 3rd period - Jordan Nolan wins face-off versus Evgeni Malkin in Flyers zone.
12:31 of 3rd period - Brian Lashoff is hit by Daniel Sedin and loses puck.
13:53 of 3rd period - Matt Smaby is hit by Duncan Keith and loses puck.
14:17 of 3rd period - Penalty to Jonathan Ericsson is over, Jonathan Ericsson is back on ice.
14:28 of 3rd period - Brian Lashoff is hit by Radim Vrbata.
15:39 of 3rd period - Carlo Colaiacovo is hit by Matt Smaby.
16:12 of 3rd period - Colby Armstrong is hit by Jeff Carter and loses puck.
16:40 of 3rd period - Nathan Beaulieu is hit by Phil Kessel and loses puck.
16:51 of 3rd period - Oliver Ekman-Larsson is hit by Dion Phaneuf and loses puck.
17:30 of 3rd period - Brian Lashoff is hit by Michel Ouellet and loses puck.
18:51 of 3rd period - Slapshot by Drew Miller.
18:51 of 3rd period - Shot Blocked by Sergei Kostitsyn.
19:29 of 3rd period - Wrist shot by Drew Miller.
19:29 of 3rd period - Shot Misses the Net.
19:33 of 3rd period - Wrist shot by Drew Miller.
19:33 of 3rd period - Shot Misses the Net.
19:35 of 3rd period - Wrist shot by Jeff Woywitka.
19:35 of 3rd period - Shot Misses the Net.
19:37 of 3rd period - Slapshot by Nathan Beaulieu.
19:37 of 3rd period - Deflect By Mark Giordano.
19:37 of 3rd period - Stopped by Ondrej Pavelec with a rebound.
19:39 of 3rd period - Slapshot by Nathan Beaulieu.
19:39 of 3rd period - Stopped by Ondrej Pavelec with a rebound.
19:49 of 3rd period - Wrist shot by Ryan Callahan.
19:49 of 3rd period - Shot Misses the Net.
19:51 of 3rd period - Wrist shot by Jeff Woywitka.
19:51 of 3rd period - Shot Misses the Net.
19:57 of 3rd period - Wrist shot by Matthew Lombardi.
19:57 of 3rd period - Shot Misses the Net.
19:59 of 3rd period - Slapshot by Nathan Beaulieu.
19:59 of 3rd period - Shot Misses the Net.
Goals for this period are 1 for Flyers vs 0 for Senateurs.
Shots for this period are 12 for Flyers vs 9 for Senateurs.
Back to the Top